 Dungeon Crawl Stone Soup version 0.31-a0-986-g5e6e4ef867 (webtiles) character file.

Game seed: 3281538817734589349

63 Lobster4 the Shooter (level 3, -1/31 HPs)
             Began as a Minotaur Hunter on Nov 15, 2023.
             Slain by Natasha (5 damage)
             ... on level 2 of the Dungeon.
             The game lasted 00:03:04 (969 turns).

Lobster4 the Shooter (Minotaur Hunter)               Turns: 969, Time: 00:03:05

Health: -1/31      AC:  3    Str: 15    XL:     3   Next: 87%
Magic:  2/2        EV: 12    Int:  6    God:
Gold:   94         SH:  0    Dex: 15    Spells: 2/2 levels left

rFire   . . .        a - +0 shortbow
rCold   . . .        (shield currently unavailable)
rNeg    . . .        c - +0 leather armour
rPois   .            (helmet restricted)
rElec   .            (no cloak)
rCorr   .            (no gloves)
SInv    .            (no boots)
Will    .....        (no amulet)
Stlth   +            (no ring)
HPRegen 0.25/turn    (no ring)
MPRegen 0.08/turn

%: no passive effects
@: slowed, very slow
A: horns 2, retaliatory headbutt
a: no special abilities


You were on level 2 of the Dungeon.
You visited 1 branch of the dungeon, and saw 2 of its levels.

You collected 94 gold pieces.

Inventory:

Hand Weapons
 a - a +0 shortbow (weapon)
 b - a +0 quarterstaff
 e - a +0 dagger
 g - a +0 sling
 l - a +0 flail
Armour
 c - a +0 leather armour (worn)
 m - a +0 scale mail
Magical Staves
 f - a staff of fire
Jewellery
 d - a +5 ring of evasion
 k - an amulet of reflection
Scrolls
 h - a scroll of butterflies
 j - 2 scrolls of identify {unknown}
 o - a scroll of amnesia {unknown}
Potions
 i - a potion of magic {unknown}
 n - a potion of degeneration {unknown}


   Skills:
 + Level 3.1 Fighting
 * Level 5.1 Ranged Weapons
 + Level 1.5 Armour
 + Level 2.8 Dodging
 - Level 1.0 Stealth


You had 2 spell levels left.
You didn't know any spells.
Your spell library was empty.

Dungeon Overview and Level Annotations

Branches:
Dungeon (2/15)

Altars:

Shops:
D:2 *

Annotations:
D:2 Natasha


Innate Abilities, Weirdness & Mutations

You have a pair of horns on your head.
You reflexively headbutt those who attack you in melee.


Message History

Aim: Natasha (moderately wounded, 55% to hit)
You shoot an arrow. The arrow hits Natasha.
Natasha is moderately wounded.
Natasha barely misses you. x2
Fire: a) +0 shortbow
Press: ? - help, Q - select action Shift-Dir - straight line, f/p - Natasha
Aim: Natasha (moderately wounded, 55% to hit)
You shoot an arrow. The arrow hits Natasha.
Natasha is heavily wounded.
Natasha misses you. Natasha completely misses you.
Fire: a) +0 shortbow
Press: ? - help, Q - select action Shift-Dir - straight line, f/p - Natasha
Aim: Natasha (heavily wounded, 55% to hit)
You shoot an arrow. The arrow closely misses Natasha.
Natasha claws you.
Fire: a) +0 shortbow
Press: ? - help, Q - select action Shift-Dir - straight line, f/p - Natasha
Aim: Natasha (heavily wounded, 55% to hit)
You shoot an arrow. The arrow closely misses Natasha.
Natasha claws you but does no damage. Natasha casts a spell at you.
The magic dart hits you!
* * * LOW HITPOINT WARNING * * *
Fire: a) +0 shortbow
Press: ? - help, Q - select action Shift-Dir - straight line, f/p - Natasha
Aim: Natasha (heavily wounded, 55% to hit)
You shoot an arrow.
The arrow hits Natasha but does no damage.
Natasha is heavily wounded.
Natasha misses you. x2
Fire: a) +0 shortbow
Press: ? - help, Q - select action Shift-Dir - straight line, f/p - Natasha
Aim: Natasha (heavily wounded, 55% to hit)
You shoot an arrow. The arrow hits Natasha.
Natasha is almost dead.
Natasha claws you.
* * * LOW HITPOINT WARNING * * *
Natasha claws you.
You die...
Natasha curls up and begins to purr.

#.#.. ### ### # ### .$
.. .... ##.. .. ...## .
.#. ## #.... # #.# ###.
#..##.#.##.# #....##.#
#.....h...<# #.#..##.#
##@#######.#..##.#
#.#.......##.......#
#..........[##.......##
###.#.......##.#..##.#.
...#..................
##. #........#.#.#.#.#.
. #........#.......##
.. #........##..#.###
##.......##.##.#


You could see Natasha.

Vanquished Creatures
  Terence (D:2)
  An adder (D:2)
  A dart slug (D:1)
  4 ball pythons
  2 endoplasms
  A giant cockroach (D:1)
  4 goblins
  2 hobgoblins
  3 quokkas
  A bat (D:1)
  A frilled lizard (D:2)
  2 kobolds
  2 rats
25 creatures vanquished.

Notes
Turn   | Place    | Note
-------+----------+-------------------------------------------
     0 | D:1      | Lobster4 the Minotaur Hunter began the quest for the Orb.
     0 | D:1      | Reached XP level 1. HP: 18/18 MP: 0/0
     0 | D:1      | Noticed a minotaur zombie
    17 | D:1      | Noticed a minotaur zombie
   232 | D:1      | Reached skill level 1 in Stealth
   255 | D:1      | Reached XP level 2. HP: 25/25 MP: 1/1
   270 | D:1      | Found a faded altar of an unknown god.
   642 | D:2      | Reached skill level 1 in Armour
   656 | D:2      | Noticed Terence
   670 | D:2      | Killed Terence
   671 | D:2      | Reached skill level 5 in Ranged Weapons
   671 | D:2      | Reached XP level 3. HP: 22/31 MP: 2/2
   886 | D:2      | Found Ofarix's Assorted Antiques.
   957 | D:2      | Noticed Natasha
   969 | D:2      | Slain by Natasha

Illustrated notes

Levels and vault maps discovered:
D:1:      shiori_arrival_whats_in_store_for_you, layout_basic,
          hellmonk_ecumenical_altar_zigzags
D:2:      layout_loops_cross, serial_shops, shop_statue, uniq_terence,
          uniq_natasha

Skill      XL: |  1  2 |
---------------+-------+-----
Stealth        | 1 |  1.0
Armour         | 1 |  1.5
Fighting       | 3 |  3.1
Ranged Weapons | 5 |  5.1
Dodging        | |  2.8

Action                     || total
---------------------------++-------
   Fire: Shortbow          ||    74
 Armour: Leather armour    ||    13
  Dodge: Dodged            ||    28

Table legend: (Time is in decaauts)
 A = Elapsed time spent in this place.
 B = Non-inter-level travel time spent in this place.
 C = Inter-level travel time spent in this place.
 D = Time resting spent in this place.
 E = Time spent auto-exploring this place.
 F = Levels seen in this place.
 G = Mean time per level.
                   A        B        C        D        E       F      G
               +--------+--------+--------+--------+--------+-----+--------+
         Total |    987 |    985 |      2 |      0 |    804 |   2 |  493.5 |
       Dungeon |    987 |    985 |      2 |      0 |    804 |   2 |  493.5 |
               +--------+--------+--------+--------+--------+-----+--------+

Top non-repeatable levels by time:
     D:1: 622 daAuts
     D:2: 365 daAuts
